Map: Emerald City LE

Players

Ratl - Winner!

  • Race: Protoss Protoss
  • League: Silver
  • Spawn Location: 5:00

Chacal - Winner!

  • Race: Protoss Protoss
  • Spawn Location: 5:00

VOD

Have the link to the VOD?

Description

Time

  • Played on: Jan. 12, 2020, 3:29 p.m.
  • Length: 18:16
Show
View Real Time Build Order
Export as new Build Order

Ratl Protoss - Winner!

Build Orders:  

Get SALT Encoding   

  12  0:04  Probe (Chrono Boost)  
  14  0:21  Probe (Chrono Boost)  
  14  0:38  Probe (Chrono Boost), Pylon  
  15  1:03  Probe (Chrono Boost)  
  15  1:07  Gateway  
  16  1:14  Probe (Chrono Boost)  
  17  1:20  Gateway  
  17  1:26  Probe (Chrono Boost)  
  18  1:42  Probe (Chrono Boost), Assimilator  
  19  1:59  Probe (Chrono Boost)  
  20  2:16  Probe (Chrono Boost), Cybernetics Core  
  21  2:31  Probe (Chrono Boost)  
  22  2:42  Assimilator  
  22  2:43  Probe (Chrono Boost)  
  23  2:56  Pylon  
  23  3:00  Pylon  
  23  3:21  Probe  
  24  3:38  Probe, Zealot x2  
  29  3:50  Robotics Facility  
  29  3:58  Probe  
  30  4:15  Probe  
  31  4:20  Nexus  
  31  4:22  Pylon  
  31  4:27  Warp Gate (Chrono Boost)  
  31  4:32  Probe  
  32  4:49  Probe  
  33  4:56  Robotics Bay  
  33  5:01  Observer  
  33  5:06  Probe  
  35  5:22  Pylon  
  35  5:23  Probe  
  36  5:31  Observer  
  36  5:39  Forge  
  37  5:40  Probe  
  37  5:41  Forge  
  38  5:57  Probe  
  39  6:01  Warp Prism  
  41  6:13  Assimilator  
  41  6:18  Assimilator  
  41  6:21  Stalker  
  41  6:22  Stalker  
  41  6:27  Probe x2  
  47  6:44  Probe x2  
  49  6:51  Colossus  
  55  7:01  Probe x2  
  57  7:29  Stalker x2  
  61  7:46  Extended Thermal Lance  
  61  7:49  Protoss Ground Armor Level 1 (Chrono Boost)  
  61  8:08  Protoss Ground Weapons Level 1 (Chrono Boost)  
  61  8:29  Colossus  
  67  8:35  Probe x2  
  69  8:49  Gateway  
  69  8:51  Probe, Gateway  
  69  8:52  Gateway  
  69  8:56  Gateway  
  70  9:10  Pylon  
  70  9:11  Pylon  
  70  9:12  Pylon  
  70  9:15  Pylon  
  70  9:29  Twilight Council  
  70  9:31  Shield Battery  
  70  9:35  Probe x2  
  72  9:46  Gateway x2  
  72  9:52  Probe x2  
  72  9:54  Stalker  
  72  9:55  Stalker  
  78  10:04  Colossus  
  83  10:54  Probe x2  
  85  11:11  Probe x2  
  85  11:16  Nexus  
  85  11:17  Assimilator, Dark Shrine  
  85  11:18  Pylon  
  87  11:21  Assimilator, Colossus  
  87  11:23  Pylon  
  87  11:25  Protoss Ground Armor Level 2 (Chrono Boost)  
  87  11:26  Protoss Ground Weapons Level 2 (Chrono Boost)  
  87  11:28  Probe x2  
  87  11:29  Pylon  
  95  11:45  Probe x2  
  95  11:46  Stalker x2  
  101  12:03  Probe x2  
  103  12:20  Probe x2  
  105  12:30  Colossus  
  105  12:37  Probe x2, Pylon  
  113  12:49  Stalker x2  
  117  12:50  Stalker x2  
  117  12:57  Pylon  
  121  13:18  Probe (Chrono Boost)  
  121  13:19  Probe (Chrono Boost)  
  121  13:23  Probe (Chrono Boost)  
  124  13:31  Probe x2 (Chrono Boost)  
  127  13:41  Probe (Chrono Boost)  
  127  13:43  Probe (Chrono Boost)  
  127  13:45  Immortal  
  132  14:26  Stalker x4  
  132  14:27  Stalker x2  
  144  14:32  Pylon  
  144  14:35  Zealot  
  144  14:36  Zealot  
  144  14:37  Pylon  
  148  15:04  Colossus  
  154  15:36  Dark Templar x3  
  154  15:37  Dark Templar x4  
  168  16:19  Immortal  
  172  16:25  Unknown  
  172  16:49  Pylon  
  172  16:52  Pylon  
  172  16:56  Pylon  
  172  16:59  Pylon x2  
  172  17:00  Pylon  
  172  17:10  Unknown  
  172  17:14  Immortal  
  174  17:37  Stalker x4  
  174  17:38  Stalker x3  
  174  17:39  Stalker  
  188  17:46  Unknown  
Show
View Real Time Build Order
Export as new Build Order

Chacal Protoss - Winner!

Build Orders:  

Get SALT Encoding   

  12  0:23  Pylon  
  12  0:35  Probe (Chrono Boost)  
  14  0:52  Probe (Chrono Boost)  
  14  0:53  Gateway  
  14  1:06  Assimilator  
  14  1:08  Probe (Chrono Boost)  
  15  1:25  Forge  
  15  1:40  Assimilator  
  15  1:43  Probe (Chrono Boost)  
  17  2:00  Probe (Chrono Boost)  
  17  2:38  Nexus  
  18  3:01  Probe (Chrono Boost)  
  18  3:18  Probe (Chrono Boost)  
  19  3:28  Assimilator  
  19  3:35  Probe (Chrono Boost)  
  19  3:38  Assimilator  
  20  3:40  Zealot  
  22  3:52  Probe (Chrono Boost)  
  23  4:03  Protoss Ground Weapons Level 1  
  24  4:32  Probe (Chrono Boost)  
  24  4:49  Probe (Chrono Boost)  
  25  5:06  Probe (Chrono Boost)  
  25  5:08  Probe (Chrono Boost)  
  27  5:23  Probe (Chrono Boost)  
  27  5:25  Probe (Chrono Boost)  
  29  5:39  Probe (Chrono Boost)  
  30  5:42  Probe (Chrono Boost)  
  30  5:46  Pylon  
  31  5:59  Probe (Chrono Boost)  
  32  6:14  Cybernetics Core  
  32  6:16  Probe (Chrono Boost)  
  32  6:19  Photon Cannon  
  33  6:37  Zealot  
  35  6:59  Probe (Chrono Boost)  
  36  7:03  Protoss Ground Armor Level 1  
  36  7:15  Zealot  
  36  7:16  Probe (Chrono Boost)  
  39  7:25  Protoss Air Weapons Level 1  
  39  7:33  Probe (Chrono Boost)  
  40  7:49  Probe (Chrono Boost)  
  41  7:53  Zealot  
  43  8:06  Probe (Chrono Boost)  
  44  8:21  Shield Battery  
  44  8:31  Zealot  
  42  9:09  Zealot  
  45  9:20  Probe (Chrono Boost)  
  45  9:37  Probe (Chrono Boost)  
  46  10:02  Protoss Shields Level 1  
  46  10:20  Gateway  
  46  10:25  Protoss Air Armor Level 1  
  46  11:21  Gateway  
  46  11:47  Gateway  
  46  13:10  Pylon  
  46  13:35  Sentry, Zealot, Stalker  
  46  13:38  Probe (Chrono Boost)  
  54  13:41  Probe (Chrono Boost)  
  54  14:20  Pylon  
  54  14:25  Warp Gate  
  54  14:32  Pylon  
  54  14:45  Sentry x2  
  54  14:47  Probe x2 (Chrono Boost)  
  62  14:52  Pylon  
  64  15:02  Pylon  
  64  15:04  Probe x2 (Chrono Boost)  
  66  15:19  Twilight Council  
  67  15:21  Probe (Chrono Boost)  
  67  15:22  Stalker x2  
  67  15:27  Unknown  
  67  15:28  Stargate  
  73  15:36  Robotics Facility  
  73  15:38  Probe (Chrono Boost)  
  73  15:39  Sentry, Unknown  
  76  15:48  Pylon  
  76  16:04  Stalker  
  76  16:09  Unknown, Stalker  
  82  16:15  Zealot  
  84  16:38  Phoenix  
  86  16:46  Unknown, Zealot, Stalker  
  90  16:51  Sentry  
  90  16:53  Zealot  
  94  17:19  Pylon  
  94  17:26  Pylon  
  94  17:38  Pylon  
  98  17:50  Pylon  
Tags
 
Add a new tag
Caveats
  • Supply blocks, unpowered buildings, or Contaminate may cause inaccurate times.
  • Supply counts are checked every 10 seconds.